 Dungeon Crawl Stone Soup version 0.29.1-1-gd02db6906a (webtiles) character file.

Game seed: 10947968390279604490

212 Ashen the Chiller (level 5, -10/39 HPs)
             Began as a Demonspawn Ice Elementalist on Oct 8, 2022.
             Mangled by a mummy (16 damage)
             ... in an ossuary.
             The game lasted 00:09:20 (4654 turns).

Ashen the Chiller (Demonspawn Ice Elementalist)     Turns: 4654, Time: 00:09:20

Health: -10/39     AC:  4    Str:  9    XL:     5   Next: 58%
Magic:  19/19      EV: 12    Int: 18    God:
Gold:   167        SH:  0    Dex: 13    Spells: 3/10 levels left

rFire   . . .      SeeInvis .   e - +2 spear
rCold   . . .      Faith    .   (no shield)
rNeg    . . .      Spirit   .   a - +0 robe
rPois   +          Reflect  .   (no helmet)
rElec   .          Harm     .   (no cloak)
rCorr   .          Rampage  .   (no gloves)
Will    .....                   i - +0 pair of boots
Stlth   ++........              k - amulet of magic regeneration
HPRegen 0.13/turn               r - ring of magical power
MPRegen 0.72/turn               l - ring of poison resistance

@: no status effects
A: rugged brown scales 1, magic regeneration
a: no special abilities


You were in an ossuary.
You visited 1 branch of the dungeon, and saw 4 of its levels.
You also visited: Ossuary.

You collected 167 gold pieces.

Inventory:

Hand Weapons
 e - a +2 spear (weapon)
Missiles
 n - a throwing net
Armour
 a - a +0 robe (worn)
 i - a +0 pair of boots (worn)
Magical Staves
 g - a staff of cold
Jewellery
 j - a ring of flight
 k - an amulet of magic regeneration (around neck)
 l - a ring of poison resistance (right hand)
 r - a ring of magical power (left hand)
Scrolls
 c - 6 scrolls of identify
 f - 3 scrolls of noise
 h - a scroll of teleportation
 p - a scroll of enchant armour
 q - a scroll of blinking
Potions
 b - a potion of magic
 d - 2 potions of lignification
 m - a potion of ambrosia
 o - 2 potions of mutation


   Skills:
 + Level 1.7 Fighting
 + Level 2.4 Dodging
 + Level 2.6 Stealth
 * Level 3.3 Spellcasting
 * Level 4.6 Ice Magic


You had 3 spell levels left.
You knew the following spells:

 Your Spells              Type           Power      Damage    Failure   Level
a - Freeze                Ice            76%        1d9       2%          1
b - Frozen Ramparts       Ice            38%        1d6       7%          3
c - Ozocubu's Armour      Ice            19%        N/A       7%          3

Your spell library contained the following spells:

 Spells                   Type           Power      Damage    Failure   Level
 Stone Arrow              Conj/Erth      6%         3d7       43%         3
 Hailstorm                Conj/Ice       11%        3d5       52%         4
 Animate Armour           Summ/Erth      6%         N/A       83%         4
 Lehudib's Crystal Spear  Conj/Erth      1%         10d2      100%        8


Dungeon Overview and Level Annotations

Branches:
Dungeon (4/15)            Ossuary (1/1)
 Temple: D:4-7

Altars:
Trog

Shops:
D:2 [


Innate Abilities, Weirdness & Mutations

You are partially covered in rugged brown scales. (AC +1, +3% HP)
You regenerate magic rapidly.


Message History

The mummy hits you but does no damage.
You closely miss the mummy.
The mummy is heavily damaged.
The mummy hits you but does no damage.
You hit the mummy.
The mummy is heavily damaged.
You hit the mummy.
The mummy is severely damaged.
The mummy closely misses you.
You hit the mummy.
The mummy is almost destroyed.
The mummy hits you.
You hit the mummy.
The mummy is almost destroyed.
You barely miss the mummy.
The mummy is almost destroyed.
The mummy hits you!
* * * LOW HITPOINT WARNING * * *
Casting: Ozocubu's Armour (dangerous; 8% risk of failure)
Confirm with . or Enter, or press ? or * to list all spells.
Aiming: Freeze (safe; 2% risk of failure)
Press: ? - help, Shift-Dir - straight line, f/p - mummy
Aim: a mummy (almost destroyed)
You freeze the mummy.
The mummy resists.
You destroy the mummy!
Your icy armour cracks and falls away as you move.
c - 7 scrolls of identify (gained 1)
As you read the scroll of identify, it crumbles to dust.
q - a scroll of blinking You open the door.
A mummy comes into view.
Found a scroll of noise.
You are confused.
You feel invigorated.
You closely miss the mummy. The mummy hits you!
* * * LOW HITPOINT WARNING * * *
You bump into the stone wall.
You feel less invigorated.
You feel less confused. The mummy hits you!
You die...

##+##
#@..# #
#?M...+
#.
###...#
#.#
##'#+
..# #.#
..##
#.##
..#
#..#
#.#
#.##
#'# #'#


You could see a mummy.

Vanquished Creatures
  An orc priest (D:4)
  6 mummies (Ossuary)
  Robin (D:3)
  An adder (D:3)
  4 worms
  A dart slug (D:1)
  4 orcs (D:4)
  An endoplasm (D:3)
  A giant cockroach (D:2)
  9 goblins
  7 hobgoblins
  9 jackals
  2 quokkas (D:3)
  4 ball pythons
  2 bats (D:1)
  A frilled lizard (D:3)
  2 gnoll skeletons (Ossuary)
  2 kobolds
  4 orc skeletons (Ossuary)
  5 rats
  11 rat skeletons (Ossuary)
78 creatures vanquished.

Notes
Turn   | Place    | Note
-------+----------+-------------------------------------------
     0 | D:1      | Ashen the Demonspawn Ice Elementalist began the quest for
                  | the Orb.
     0 | D:1      | Reached XP level 1. HP: 13/13 MP: 3/3
   641 | D:1      | Gained mutation: You are partially covered in rugged brown
                  | scales. (AC +1, +3% HP) [demonic ancestry]
   641 | D:1      | Reached XP level 2. HP: 6/20 MP: 3/5
  1273 | D:2      | Found Esulat's Armour Boutique.
  1331 | D:2      | Found a faded altar of an unknown god.
  2134 | D:3      | Reached XP level 3. HP: 25/25 MP: 4/6
  2141 | D:3      | Reached skill level 4 in Ice Magic
  2265 | D:3      | Noticed a moth of wrath
  2266 | D:3      | Noticed Robin
  2548 | D:3      | Reached skill level 1 in Fighting
  2586 | D:3      | Learned a level 3 spell: Frozen Ramparts
  2590 | D:3      | Learned a level 3 spell: Ozocubu's Armour
  2611 | D:3      | Killed Robin
  2612 | D:3      | Gained mutation: You regenerate magic rapidly. [demonic
                  | ancestry]
  2612 | D:3      | Reached XP level 4. HP: 31/32 MP: 8/8
  3325 | D:3      | Found a bloodstained altar of Trog.
  3627 | D:4      | Found a sand-covered staircase.
  3644 | Ossuary  | Entered an ossuary
  3715 | Ossuary  | Reached XP level 5. HP: 17/38 MP: 9/9
  4654 | Ossuary  | Mangled by a mummy

Illustrated notes

Levels and vault maps discovered:
D:1:      tarquinn_simple_flora_water_e, layout_loops_corners
D:2:      layout_loops_ring, serial_shops, nicolae_diamond_shop,
          hellmonk_ecumenical_altar_dog_temple, minmay_misc_feat_tiny
D:3:      layout_basic, tgw_trog, moated_statue, chequers_serial_rivers_marsh,
          uniq_robin
D:4:      layout_basic, kennysheep_mini_moat, portal_sewer_entry_a,
          nicolae_ossuary_entry_monument, minmay_fractal_squares_diagonal_5,
          uniq_grinder
Ossuary:  ossuary_due_small_catacomb

Skill      XL: |  1  2  3  4 |
---------------+-------------+-----
Stealth        | 2 |  2.6
Ice Magic      | 4 |  4.6
Dodging        | 2 |  2.4
Fighting       | 1 |  1.7
Spellcasting   | 3 |  3.3

Action                   |  1- 3 |  4- 6 || total
-------------------------+-------+-------++-------
Melee: Staff             |    46 |    19 ||    65
       Unarmed           |     9 |       ||     9
       Spear             |     4 |   107 ||   111
       Punch             |     1 |     2 ||     3
 Cast: Freeze            |    49 |    15 ||    64
       Frozen Ramparts   |     1 |     4 ||     5
       Ozocubu's Armour  |       |     6 ||     6
  Use: Scroll            |       |    13 ||    13
       Potion            |       |     4 ||     4
 Stab: Sleeping          |     2 |     5 ||     7
Armor: Robe              |    35 |    15 ||    50
       Skin              |       |     1 ||     1
Dodge: Dodged            |    83 |    47 ||   130
